 Dungeon Crawl Stone Soup version 0.19.0-20-gbc5f0c6 (webtiles) character file.

423 joejoepie the Stinger (level 6, -1/29 HPs)
             Began as a Spriggan Venom Mage on Nov 17, 2016.
             Was an Initiate of Yredelemnul.
             Shot with an arrow by a centaur (8 damage)
             ... on level 5 of the Dungeon.
             The game lasted 00:50:18 (4270 turns).

joejoepie the Stinger (Spriggan Venom Mage)         Turns: 4270, Time: 00:50:18

Health: -1/29      AC:  3    Str:  4    XL:     6   Next: 63%
Magic:  14/14      EV: 21    Int: 18    God:    Yredelemnul [......]
Gold:   121        SH:  0    Dex: 17    Spells: 3 memorised, 7 levels left

rFire  . . .     SeeInvis +     n - +0 hand axe (venom)
rCold  . . .     Gourm    .     i - +0 robe
rNeg   . . .     Faith    .     (shield restricted)
rPois  .         Spirit   .     (helmet restricted)
rElec  .         Reflect  .     f - +0 cloak
rCorr  .         Harm     .     (gloves unavailable)
MR     +....                    (boots unavailable)
Stlth  +++.......               (no amulet)
                                (no ring)
                                m - +2 ring of evasion

@: about to teleport, very quick
A: unfitting armour, see invisible, herbivore 3, speed 3, slow metabolism 2
a: Renounce Religion


You were on level 5 of the Dungeon.
You worshipped Yredelemnul.
Yredelemnul was noncommittal.
You were full.

You visited 1 branch of the dungeon, and saw 5 of its levels.

You collected 121 gold pieces.

Inventory:

Hand Weapons
 j - a -1 club
 k - a +1 short sword
 n - a +0 hand axe of venom (weapon)
 u - a +0 hunting sling
Missiles
 e - 44 stones (quivered)
 l - 39 sling bullets
Armour
 a - a +0 robe
 d - a +0 leather armour
 f - a +0 cloak (worn)
 g - a +0 robe
 h - a cursed +0 leather armour
 i - a +0 robe (worn)
 p - a +1 helmet
 t - a +0 robe
 v - a +0 pair of gloves
Jewellery
 m - a +2 ring of evasion (left hand)
Scrolls
 x - a scroll of remove curse
Potions
 o - 3 potions of berserk rage
 q - 2 potions of flight
 r - a potion of agility
 s - a potion of brilliance
 z - a potion of curing {unknown}
Books
 b - a Young Poisoner's Handbook

   Spells                             Type                      Level
   a - Sting                          Conjuration/Poison           1
   b - Mephitic Cloud                 Conjuration/Poison/Air       3
   c - Olgreb's Toxic Radiance        Poison                       4
   d - Alistair's Intoxication        Transmutation/Poison         5
   e - Venom Bolt                     Conjuration/Poison           5
Comestibles
 c - a bread ration


   Skills:
 + Level 0.4 Fighting
 + Level 0.8 Axes
 + Level 0.2 Throwing
 + Level 3.4 Dodging
 + Level 4.3 Stealth
 + Level 5.1 Spellcasting
 + Level 2.2 Conjurations
 + Level 0.3 Air Magic
 + Level 5.4 Poison Magic


You had 7 spell levels left.
You knew the following spells:

 Your Spells              Type           Power        Failure   Level  Hunger
a - Sting                 Conj/Pois      ###.         2%          1    None
b - Mephitic Cloud        Conj/Pois/Air  ##......     17%         3    ##.....
c - Olgreb's Toxic Radia  Pois           ###.....     17%         4    ####...


Dungeon Overview and Level Annotations

Branches:
Dungeon (5/15)
 Temple: D:4-7

Altars:
Ashenzari
Yredelemnul
The Shining One

Annotations:
D:2 Sigmund
D:4 Enish's ghost, amateur VSTm


Innate Abilities, Weirdness & Mutations

You are very small and have problems with some larger weapons.
You are too small for most types of armour.
You have supernaturally acute eyesight. (SInv)
You are a herbivore.
You cover ground extremely quickly.
You need consume almost no food.


Message History

You see here an arrow.
The centaur shoots an arrow.
The arrow completely misses you.
You see here an arrow.
The centaur shoots an arrow.
The arrow hits you.
You see here an arrow.
An orc comes into view.
An orc is nearby!
An orc and an orc wizard come into view.
The orc moves out of view.
The orc wizard shouts!
The orc wizard casts a spell.
The orc wizard flickers and vanishes for a moment.
The orc wizard casts a spell at you. The magic dart hits you!
* * * LOW HITPOINT WARNING * * *
Unknown command.
As you read the scroll of teleportation, it crumbles to dust.
You feel strangely unstable.
The centaur shoots an arrow.
The arrow hits you!
You die...
Your body rises from the dead as a mindless zombie.

#.# #.##.# #.#######<##o#
.. #.(......(.o.o...
#..######.......# #..#
#..#.##.# #..# #..#.##.#
#.(# #..#.##.#
#..######..#.##.#
#..........#..@.#
##.###..##.####.#
#(####.##.# #.##
#.#.......# #c.#
#(........# #..#
#....c_...####..#
#...............#
#.....(.((.####.##
#...(..###.###...########


You could see a centaur.

Vanquished Creatures
  An ogre (D:4)
  A howler monkey (D:5)
  2 crimson imps (D:5)
  A jelly (D:5)
  Terence (D:3)
  An iguana (D:4)
  2 worker ants
  A howler monkey zombie (D:5)
  3 adders
  An adder zombie (D:5)
  A worm (D:3)
  A dart slug (D:1)
  2 leopard geckos (D:2)
  4 orcs
  2 ball pythons
  6 giant cockroaches
  8 goblins
  5 hobgoblins
  3 kobolds
  2 bats
  2 frilled lizards
  7 rats
57 creatures vanquished.

Notes
Turn   | Place    | Note
-------+----------+-------------------------------------------
     0 | D:1      | joejoepie the Spriggan Venom Mage began the quest for the Orb.
     0 | D:1      | Reached XP level 1. HP: 9/9 MP: 5/5
   492 | D:1      | Reached XP level 2. HP: 13/13 MP: 4/6
  1256 | D:2      | Noticed Sigmund
  1403 | D:3      | Reached XP level 3. HP: 14/16 MP: 5/8
  1568 | D:3      | Found a shattered altar of Ashenzari.
  1572 | D:3      | Saw a vision of the Shoals and the Spider Nest.
  1572 | D:3      | Noticed a merfolk
  1572 | D:3      | Noticed a centaur
  1572 | D:3      | Noticed a sea snake
  1572 | D:3      | Noticed a scorpion
  1572 | D:3      | Noticed a redback
  1572 | D:3      | Noticed a hornet
  1572 | D:3      | Noticed a redback
  1572 | D:3      | Noticed a redback
  1572 | D:3      | Noticed a redback
  1572 | D:3      | Noticed a redback
  1573 | D:3      | Noticed a siren
  1574 | D:3      | Noticed a siren
  1574 | D:3      | Noticed a wolf spider
  1822 | D:3      | Learned a level 3 spell: Mephitic Cloud
  1855 | D:3      | Reached skill level 1 in Conjurations
  2257 | D:3      | Found a glowing golden altar of the Shining One.
  2303 | D:3      | Noticed Terence
  2315 | D:3      | Killed Terence
  2315 | D:3      | Reached XP level 4. HP: 21/21 MP: 2/10
  2926 | D:4      | Noticed an ogre
  2943 | D:4      | Killed an ogre
  2943 | D:4      | Reached skill level 5 in Poison Magic
  2943 | D:4      | Reached XP level 5. HP: 24/24 MP: 2/12
  3136 | D:4      | Noticed Enish's ghost (amateur VSTm)
  3509 | D:5      | Entered Level 5 of the Dungeon
  3517 | D:5      | Learned a level 4 spell: Olgreb's Toxic Radiance
  3585 | D:5      | Reached XP level 6. HP: 23/28 MP: 14/14
  3799 | D:5      | Found a basalt altar of Yredelemnul.
  3971 | D:5      | Became a worshipper of Yredelemnul the Dark
  3983 | D:5      | Reached skill level 5 in Spellcasting
  4270 | D:5      | Shot with an arrow by a centaur

Skill      XL: |  1  2  3  4  5  6 |
---------------+-------------------+-----
Spellcasting   | 3 4 5 |  5.1
Conjurations   | 1 2 |  2.2
Poison Magic   | 5 |  5.4
Stealth        | 4 |  4.3
Fighting       | |  0.4
Axes           | |  0.8
Throwing       | |  0.2
Dodging        | |  3.4
Air Magic      | |  0.3

Action                   |  1- 3 |  4- 6 || total
-------------------------+-------+-------++-------
Melee: Unarmed           |     4 |       ||     4
       Club              |    14 |     3 ||    17
       Hand axe          |       |    74 ||    74
       Short sword       |       |    15 ||    15
Throw: Tomahawk          |       |    16 ||    16
       Stone             |       |     3 ||     3
 Cast: Sting             |    88 |    61 ||   149
       Mephitic Cloud    |       |     4 ||     4
  Use: Scroll            |     7 |     2 ||     9
 Stab: Confused          |       |     2 ||     2
  Eat: Bread ration      |       |     1 ||     1
Armor: Robe              |     2 |     9 ||    11
Dodge: Dodged            |    18 |   102 ||   120
